 Dungeon Crawl Stone Soup version 0.23.2-40-g277498a001 (webtiles) character file.

Game seed: 5956237232746818846

49 DildoBatman the Magician (level 4, -1/30 HPs)
             Began as a Formicid Wizard on Aug 18, 2019.
             Slain by a worm (6 damage)
             ... on level 2 of the Dungeon.
             The game lasted 00:03:54 (1272 turns).

DildoBatman the Magician (Formicid Wizard)          Turns: 1272, Time: 00:03:55

Health: -1/30      AC:  2    Str: 12    XL:     4   Next: 1%
Magic:  2/8        EV: 12    Int: 18    God:
Gold:   58         SH:  0    Dex:  9    Spells: 2/9 levels left

rFire    . . .     SeeInvis +   a - +0 mace
rCold    . . .     Gourm    .   (no shield)
rNeg     . . .     Faith    .   m - +0 robe
rPois    .         Spirit   .   (helmet unavailable)
rElec    .         Reflect  .   (no cloak)
rCorr    .         Harm     .   (no gloves)
MR       .....                  (no boots)
Stlth    ++........             (no amulet)
HPRegen  0.10/turn              (no ring)
MPRegen  0.11/turn              (no ring)

@: no status effects
A: permanent stasis, dig shafts and tunnels, four strong arms, antennae 3
a: Dig, Shaft Self


You were on level 2 of the Dungeon.
You were not hungry.

You visited 1 branch of the dungeon, and saw 2 of its levels.

You collected 58 gold pieces.

Inventory:

Hand Weapons
 a - a +0 mace (weapon)
 b - a +0 dagger
Missiles
 c - 9 stones (quivered)
 e - 13 poisoned needles
 g - 17 sling bullets
 k - 14 arrows
Armour
 m - a +0 robe (worn)
Scrolls
 f - 4 scrolls of identify {unknown}
 h - a scroll of remove curse {unknown}
 j - a scroll of random uselessness {unknown}
 l - a scroll of magic mapping {unknown}
Potions
 i - 2 potions of mutation {unknown}
Comestibles
 d - 3 chunks of flesh
 v - 2 rations


   Skills:
 - Level 1.7 Dodging
 - Level 2.4 Stealth
 - Level 3.2 Spellcasting
 * Level 3.2 Conjurations
   Level 1.0 Summonings
   Level 0.8 Translocations


You had 2 spell levels left.
You knew the following spells:

 Your Spells              Type           Power        Failure   Level  Hunger
a - Conjure Flame         Conj/Fire      #.......     24%         3    ###....
c - Magic Dart            Conj           ##..         4%          1    None
e - Mephitic Cloud        Conj/Pois/Air  #.......     30%         3    ###....

Your spell library contained the following spells:

 Spells                   Type           Power        Failure   Level  Hunger
 Call Imp                 Summ           #.......     16%         2    ##.....
 Slow                     Hex            #.......     24%         2    ##.....
 Blink                    Tloc           Unusable     N/A         2    N/A

Dungeon Overview and Level Annotations

Branches:
Dungeon (2/15)

Altars:


Innate Abilities, Weirdness & Mutations

You cannot be hasted, slowed, berserked, paralysed or teleported.
You can dig through walls and to a lower floor.
Your four strong arms can wield two-handed weapons with a shield.
You have a pair of large antennae on your head. (SInv)


Message History

g - Guard the area. f - Follow me.
Anything else - Cancel.
You shout for attention!
What are your orders? t - Shout!
Orders for allies: a - Attack new target. r - Retreat! s - Stop attacking. g - Guard the area. f - Follow me.
Anything else - Cancel.
You shout for attention!
The worm barely misses you. What are your orders? t - Shout!
Orders for allies: a - Attack new target. r - Retreat! s - Stop attacking. g - Guard the area. f - Follow me.
Anything else - Cancel.
You shout for attention!
The worm bites you.
You die...

{####. ### #.......#
####.##.##.####
..#.##.......# #
#.#.##..#.##.##.
##.#.##.#.##..#.......
........(........#.# ####
..#.##.#.......##.###....
#†###.w@..÷........# ..#
#...####.##..... #. ####
#...# #........ #.# #...#
#..#..... #.# #...# #..# ....
#.# #...####..#.#...
##.##########.[......>......
##...##......................
#.#...w..)...............#...


You could see a worm.

Vanquished Creatures
  An ooze (D:2)
  A worm (D:2)
  4 bats
  A giant cockroach (D:1)
  6 goblins
  8 hobgoblins
  5 jackals (D:2)
  2 frilled lizards (D:1)
  4 kobolds (D:1)
  6 rats (D:2)
38 creatures vanquished.

Notes
Turn   | Place    | Note
-------+----------+-------------------------------------------
     0 | D:1      | DildoBatman the Formicid Wizard began the quest for the
                  | Orb.
     0 | D:1      | Reached XP level 1. HP: 13/13 MP: 4/4
    23 | D:1      | Reached skill level 1 in Conjurations
   202 | D:1      | Reached XP level 2. HP: 16/19 MP: 0/6
   515 | D:1      | Reached XP level 3. HP: 24/24 MP: 0/7
   919 | D:2      | Learned a level 3 spell: Conjure Flame
   923 | D:2      | Learned a level 3 spell: Mephitic Cloud
  1255 | D:2      | Reached XP level 4. HP: 10/30 MP: 0/8
  1272 | D:2      | Slain by a worm

Skill      XL: |  1  2  3 |
---------------+----------+-----
Conjurations   | 1 2 3 |  3.2
Dodging        | |  1.7
Stealth        | |  2.4
Spellcasting   | |  3.2
Summonings     | |  1.0
Translocations | |  0.8

Action                   |  1- 3 |  4- 6 || total
-------------------------+-------+-------++-------
Melee: Dagger            |    63 |       ||    63
       Unarmed           |     2 |       ||     2
       Mace              |     7 |       ||     7
 Cast: Magic Dart        |    97 |       ||    97
 Abil: Dig               |     1 |       ||     1
 Stab: Sleeping          |     3 |       ||     3
  Eat: Chunk             |     1 |       ||     1
Armor: Robe              |    27 |       ||    27
Dodge: Dodged            |    92 |     5 ||    97
